 Dungeon Crawl Stone Soup version 0.27-a0-148-g9515ab555c (webtiles) character file.

Game seed: 7859492592527414604

21 knot the Chopper (level 2, 0/24 HPs)
             Began as a Demonspawn Berserker on Jan 27, 2021.
             Was a Follower of Trog.
             Slain by a kobold
             ... wielding a +0 whip
              (3 damage)
             ... on level 2 of the Dungeon.
             The game lasted 00:00:55 (1818 turns).

knot the Chopper (Demonspawn Berserker)             Turns: 1818, Time: 00:00:56

Health: 0/24       AC:  4    Str: 17    XL:     2   Next: 62%
Magic:  2/2        EV: 12    Int:  8    God:    Trog [*.....]
Gold:   98         SH:  0    Dex: 12    Spells: 1/1 levels left

rFire    . . .     SeeInvis .   a - +0 hand axe
rCold    . . .     Faith    .   (no shield)
rNeg     . . .     Spirit   .   b - +0 animal skin
rPois    .         Reflect  .   k - +2 hat
rElec    .         Harm     .   (no cloak)
rCorr    .         Rampage  .   (no gloves)
Will     .....                  (no boots)
Stlth    +.........             (no amulet)
HPRegen  0.08/turn              (no ring)
MPRegen  0.16/turn              (no ring)

@: berserk cooldown, slowed, very slow
A: magic regeneration
a: Renounce Religion, Berserk


You were on level 2 of the Dungeon.
You worshipped Trog.
Trog was aware of your devotion.
You visited 1 branch of the dungeon, and saw 2 of its levels.

You collected 98 gold pieces.

Inventory:

Hand Weapons
 a - a +0 hand axe (weapon)
Missiles
 h - 14 poisoned darts
 i - 5 stones
Armour
 b - a +0 animal skin (worn)
 k - a +2 hat (worn)
Jewellery
 e - an uncursed ring of resist corrosion {unknown}
Scrolls
 d - a scroll of remove curse {unknown}
 f - a scroll of fear {unknown}
 g - a scroll of amnesia {unknown}
 j - a scroll of enchant armour {unknown}
Potions
 c - a potion of might {unknown}
 l - a potion of degeneration {unknown}
 m - a potion of invisibility {unknown}


   Skills:
 - Level 3.0 Fighting
 + Level 3.6 Axes
 - Level 1.7 Armour
 - Level 1.7 Dodging


You had one spell level left.
You didn't know any spells.
Your spell library was empty.

Dungeon Overview and Level Annotations

Branches:
Dungeon (2/15)

Altars:
Vehumet


Innate Abilities, Weirdness & Mutations

You regenerate magic rapidly.


Message History

The kobold is moderately wounded.
The kobold hits you but does no damage. The kobold closely misses you.
You barely miss the kobold.
The kobold is moderately wounded.
The kobold hits you with a +0 whip. x2
You closely miss the kobold.
The kobold is moderately wounded.
The kobold closely misses you. The kobold barely misses you.
You closely miss the kobold.
The kobold is moderately wounded.
The kobold barely misses you.
You barely miss the kobold.
The kobold is moderately wounded.
The kobold hits you with a +0 whip. x2
* * * LOW HITPOINT WARNING * * *
The kobold misses you.
You open the door. The kobold hits you with a +0 whip.
* * * LOW HITPOINT WARNING * * *
The kobold hits you with a +0 whip.
You die...

............# #.#
################.#
.................# .
################.# #
..
##################.#
...
...................#
....
##########......####
.....
#......####...#
#......@K.†...+
#......####...#
#......# ..#
##########......# .#
...##...........# #
...##......###.##
...##......# #<#
...##......# #.#
...##......+ .#


You could see a kobold.

Vanquished Creatures
  A worm (D:2)
  A dart slug (D:2)
  5 goblins
  2 hobgoblins (D:2)
  3 bats
  A frilled lizard (D:1)
  3 rats
16 creatures vanquished.

Notes
Turn   | Place    | Note
-------+----------+-------------------------------------------
     0 | D:1      | knot the Demonspawn Berserker began the quest for the Orb.
     0 | D:1      | Reached XP level 1. HP: 18/18 MP: 1/1
   982 | D:1      | Gained mutation: You regenerate magic rapidly. [demonic
                  | ancestry]
   982 | D:1      | Reached XP level 2. HP: 24/24 MP: 2/2
  1660 | D:2      | Found a radiant altar of Vehumet.
  1818 | D:2      | Slain by a kobold

Illustrated notes

Levels and vault maps discovered:
D:1:      wheals_arrival_linesprint, layout_basic
D:2:      layout_basic, lemuel_doored_altar, fedhas_altar_4,
          minmay_fractal_squares_gapless_5

Skill      XL: |  1 |
---------------+----+-----
Axes           | 3 |  3.6
Fighting       | |  3.0
Armour         | |  1.7
Dodging        | |  1.7

Action                   || total
-------------------------++-------
Melee: Hand axe          ||    64
Invok: Berserk           ||     2
 Stab: Sleeping          ||     2
Armor: Animal skin       ||    11
Dodge: Dodged            ||    33

Table legend: (Time is in decaauts)
 A = Elapsed time spent in this place.
 B = Non-inter-level travel time spent in this place.
 C = Inter-level travel time spent in this place.
 D = Time resting spent in this place.
 E = Time spent auto-exploring this place.
 F = Levels seen in this place.
 G = Mean time per level.
                   A        B        C        D        E       F      G
               +--------+--------+--------+--------+--------+-----+--------+
         Total |   1839 |   1752 |     87 |    329 |   1264 |   2 |  919.5 |
       Dungeon |   1839 |   1752 |     87 |    329 |   1264 |   2 |  919.5 |
               +--------+--------+--------+--------+--------+-----+--------+

Top non-repeatable levels by time:
     D:1: 1186 daAuts
     D:2: 653 daAuts
